 Dungeon Crawl Stone Soup version 0.30.1 (webtiles) character file.

Game seed: 13689594532555448233

14 hawla the Firebug (level 2, -1/20 HPs)
             Began as a Meteoran Fire Elementalist on July 7, 2023.
             Slain by a hound (4 damage)
             ... on level 4 of the Dungeon.
             The game lasted 00:02:20 (190 turns).

hawla the Firebug (Meteoran Fire Elementalist)       Turns: 190, Time: 00:02:21

Health: -1/20      AC:  2    Str:  9    XL:     2   Next: 76%
Magic:  6/6        EV: 12    Int: 22    God:
Gold:   34         SH:  0    Dex: 12    Spells: 3/6 levels left

rFire   + . .        c - +2 whip of Scorn {holy, rPois rF+ Int+6 Dex-2}
rCold   . . .        (no shield)
rNeg    . . .        a - +0 robe
rPois   +            (no helmet)
rElec   .            (no cloak)
rCorr   .            (no gloves)
SInv    .            (no boots)
Will    .....        (no amulet)
Stlth   +            (no ring)
HPRegen 0.23/turn    (no ring)
MPRegen 0.10/turn

%: no passive effects
@: glowing
A: sense surroundings 1, otherworldly, glowing, explore regen
a: no special abilities


You were on level 4 of the Dungeon.
You visited 1 branch of the dungeon, and saw 4 of its levels.

You collected 34 gold pieces.

Inventory:

Hand Weapons
 c - the +2 whip of Scorn (weapon) {holy, rPois rF+ Int+6 Dex-2}
   (You found it on level 3 of the Dungeon)

   Int:       It affects your intelligence (+6).
   Dex:       It affects your dexterity (-2).
   rF:        It protects you from fire.
   rPois:     It protects you from poison.
Armour
 a - a +0 robe (worn)
Wands
 d - a wand of polymorph (3) (quivered)


   Skills:
 + Level 2.5 Dodging
 - Level 1.4 Stealth
 + Level 2.9 Spellcasting
 + Level 1.5 Conjurations
 + Level 4.2 Fire Magic


You had 3 spell levels left.
You knew the following spells:

 Your Spells              Type           Power      Damage    Failure   Level
a - Foxfire               Conj/Fire      60%        2x1d7     3%          1
b - Scorch                Fire           42%        2d7       3%          2

Your spell library contained the following spells:

 Spells                   Type           Power      Damage    Failure   Level
 Inner Flame              Hex/Fire       12%        N/A       16%         3
 Volatile Blastmotes      Fire/Tloc      24%        2d12      16%         3
 Tukima's Dance           Hex            3%         N/A       36%         3
 Flame Wave               Conj/Fire      15%        2d7       36%         4
 Passage of Golubria      Tloc           3%         N/A       77%         4
 Yara's Violent Unravell  Hex/Tmut       1%         3d3       98%         5


Dungeon Overview and Level Annotations

Branches:
Dungeon (4/15) Zot: 2209
 Temple: D:4-7

Altars:


Innate Abilities, Weirdness & Mutations

You passively map a small area around you.
You are easily found by Zot.
You glow in the dark.
You regain HP and MP as you explore.


Message History

You conjure some foxfire!
The hound bites you but does no damage. The hound bites you.
You hit the hound but do no damage.
The hound is lightly wounded.
The foxfire hits the hound.
The hound is moderately wounded.
The foxfire hits the hound.
The hound is moderately wounded.
The hound bites you.
You hit the hound.
The hound is heavily wounded.
The hound bites you. x2
You aren't carrying any scrolls.
Magic courses through your body. The hound bites you. The hound misses you.
Casting: Foxfire (safe; 3% risk of failure)
Confirm with . or Enter, or press ? or * to list all spells.
Flames lash the iguana.
The iguana is lightly wounded.
The iguana's fire resistance burns away.
The hound bites you.
* * * LOW HITPOINT WARNING * * *
The iguana bites you but does no damage.
The hound attacks as you move away! The hound bites you but does no damage.
The hound misses you.
Your magical contamination has completely faded away.
The iguana is no longer more vulnerable to fire.
The hound bites you.
* * * LOW HITPOINT WARNING * * *
The hound closely misses you. The hound attacks as you move away!
The hound bites you but does no damage.
A quokka comes into view.
The hound bites you.
* * * LOW HITPOINT WARNING * * *
The quokka moves out of view.
The hound attacks as you move away! The hound bites you.
* * * LOW HITPOINT WARNING * * *
An adder comes into view.
Found a trident.
The hound bites you.
You die...

,#!<...., ,.# , *,
.....# #..#* ... *,
.....###..##* .... ,
,
##.#.#.....###.S..,,
, #....#.#.#....r...
* *##.#†..(.........
* #.###.#...#.#....#
* * #..............#
#####.#...l.h@# * ,
#.......####..# * *
#.......# #..... ,
#.......# #.###...
#.......# ... , ...
, * #.......# #.# ,
.# #......... #)# *
,# #.......###... ,
, ** ####.#.## * ,


You could see an iguana, a hound, an adder and a quokka.

Vanquished Creatures
  A worm (D:2)
  An endoplasm (D:4)
  2 giant cockroaches
  A goblin (D:3)
  2 quokkas
  2 frilled lizards (D:1)
  A rat (D:2)
10 creatures vanquished.

Vanquished Creatures (others)
  30 foxfires
30 creatures vanquished.

Grand Total: 40 creatures vanquished

Notes
Turn   | Place    | Note
-------+----------+-------------------------------------------
     0 | D:1      | hawla the Meteoran Fire Elementalist began the quest for
                  | the Orb.
     0 | D:1      | Reached XP level 1. HP: 14/14 MP: 5/5
    50 | D:1      | Found a faded altar of an unknown god.
    72 | D:2      | Reached skill level 4 in Fire Magic
    72 | D:2      | Reached XP level 2. HP: 20/20 MP: 0/6
   113 | D:2      | Learned a level 2 spell: Scorch
   152 | D:3      | Identified the +2 whip of Scorn {holy, rPois rF+ Int+6
                  | Dex-2}
   171 | D:4      | Noticed a hound
   189 | D:4      | HP: 1/20 [hound (3)]
   190 | D:4      | Slain by a hound

Illustrated notes

Levels and vault maps discovered:
D:1:      amcnicky_arrival_wind_blow, layout_loops_ring, serial_shops,
          nicolae_shop_back_alley_shop, ebering_ecumenical_altar_abandoned,
          minmay_pentomino_q2
D:2:      layout_loops_corners, uniq_natasha
D:3:      layout_basic, nzn_hepliaklqana_mist_gate, gammafunk_ghost_split,
          kennysheep_cluttered_room
D:4:      kennysheep_kobold_camp, layout_loops_ring,
          minmay_temple_entry_drinking_statues

Skill      XL: |  1 |
---------------+----+-----
Fire Magic     | 4 |  4.2
Dodging        | |  2.5
Stealth        | |  1.4
Spellcasting   | |  2.9
Conjurations   | |  1.5

Action                     || total
---------------------------++-------
  Melee: Whip              ||     2
   Cast: Foxfire           ||    21
         Scorch            ||     2
    Use: Scroll            ||     3
         Potion            ||     1
 Armour: Robe              ||    12
  Dodge: Dodged            ||     8
